 Dungeon Crawl Stone Soup version 0.31-a0-1-g4198be8af4 (webtiles) character file.

Game seed: 4666945235412471452

156 booth the Ducker (level 5, -4/41 HPs)
             Began as a Demonspawn Gladiator on May 2, 2023.
             Was a Believer of Trog.
             Killed by divine providence
             ... invoked by an orc priest
              (15 damage)
             ... on level 4 of the Dungeon.
             The game lasted 00:22:41 (3112 turns).

booth the Ducker (Demonspawn Gladiator)             Turns: 3112, Time: 00:22:42

Health: -4/41      AC:  5    Str: 16    XL:     5   Next: 14%
Magic:  5/5        EV: 13    Int:  9    God:    Trog [**....]
Gold:   250        SH:  0    Dex: 17    Spells: 4/4 levels left

rFire   . . .        a - +0 war axe
rCold   . . .        (no shield)
rNeg    . . .        b - +0 leather armour
rPois   .            c - +0 helmet
rElec   .            f - +0 cloak
rCorr   .            (no gloves)
SInv    .            (no boots)
Will    +....        u - amulet of regeneration
Stlth   ++           v - ring of willpower
HPRegen 1.06/turn    (no ring)
MPRegen 0.09/turn

%: no passive effects
@: no status effects
A: thin skeletal structure 1
a: Renounce Religion, Berserk, Trog's Hand


You were on level 4 of the Dungeon.
You worshipped Trog.
Trog was pleased with you.
You visited 1 branch of the dungeon, and saw 4 of its levels.

You collected 250 gold pieces.

Inventory:

Hand Weapons
 a - a +0 war axe (weapon)
Missiles
 d - 3 throwing nets (quivered)
 e - 9 javelins
 n - 2 boomerangs
 q - 2 poisoned darts
Armour
 b - a +0 leather armour (worn)
 c - a +0 helmet (worn)
 f - a +0 cloak (worn)
Jewellery
 u - an amulet of regeneration (around neck)
 v - a ring of willpower (left hand)
Wands
 s - a wand of flame (13)
Scrolls
 h - a scroll of silence
 i - 5 scrolls of teleportation
 l - a scroll of blinking
 t - a scroll of poison {unknown}
 w - 2 scrolls of brand weapon {unknown}
 x - a scroll of fog {unknown}
 y - a scroll of vulnerability {unknown}
Potions
 g - 2 potions of curing
 j - 2 potions of attraction
 k - a potion of mutation {unknown}
 o - a potion of degeneration {unknown}
 p - a potion of magic {unknown}
 r - a potion of experience {unknown}
 z - a potion of ambrosia {unknown}
 A - a potion of might {unknown}


   Skills:
 + Level 3.1 Fighting
 + Level 3.5 Axes
 + Level 2.8 Throwing
 + Level 3.5 Dodging


You had 4 spell levels left.
You didn't know any spells.
Your spell library was empty.

Dungeon Overview and Level Annotations

Branches:
Dungeon (4/15)
 Temple: D:4-7

Altars:
Trog

Shops:
D:4 (:![


Innate Abilities, Weirdness & Mutations

You have a somewhat thin skeletal structure. (Dex +2, Stealth+)


Message History

You feel sick.
You feel sick.
You are no longer poisoned.
The orc priest invokes the aid of Beogh against you.
Beogh smites you!
Throw: 11 javelins
Press: ? - help, Q - select action, (/) - cycle Shift-Dir - straight line, f - orc priest
Aim: an orc priest, wielding a +0 dagger (62% to hit)
You throw a javelin.
The javelin closely misses the orc priest.
The javelin pierces through the iguana.
The iguana is lightly wounded.
The javelin pierces through the orc.
The orc is almost dead.
The javelin pierces through the orc priest.
The orc priest is lightly wounded.
The orc priest invokes the aid of Beogh against you.
Beogh smites you!
* * * LOW HITPOINT WARNING * * *
Throw: 10 javelins
Press: ? - help, Q - select action, (/) - cycle Shift-Dir - straight line, f/p - orc priest
Aim: an orc priest, wielding a +0 dagger (62% to hit)
You throw a javelin.
The javelin pierces through the orc priest!
The orc priest is severely wounded.
The javelin barely misses the iguana.
The javelin barely misses the orc.
The javelin pierces through the orc priest.
The orc priest is lightly wounded.
The orc priest barely misses you.
You closely miss the orc priest.
The orc priest is severely wounded.
The orc priest hits you with a +0 dagger.
* * * LOW HITPOINT WARNING * * *
Unknown command.
You barely miss the orc priest.
The orc priest is severely wounded.
The orc priest mumbles some strange prayers to Beogh against you.
Beogh smites you!
You die...

...# .... ...#####
.(. '....... #..
'#..#### #o#
.##..# #o# 8.##..#
#†# ...##..# #l#
'...##.# #o#
'#...#.# #@#
.##.8'.# #.#
..##.#.# #.#
...###.# #.#
....##.# ##.#
#....#.# ###..#
##.....######...##
##..........?###
#############


You could see an iguana, 2 orc priests and an orc.

Vanquished Creatures
  4 gnolls (D:4)
  4 adders
  An ufetubus (D:3)
  A worm (D:2)
  4 orcs (D:3)
  6 endoplasms
  10 goblins
  7 hobgoblins
  4 kobolds
  A quokka (D:1)
  12 ball pythons
  6 bats
  7 frilled lizards
  5 rats
72 creatures vanquished.

Notes
Turn   | Place    | Note
-------+----------+-------------------------------------------
     0 | D:1      | booth the Demonspawn Gladiator began the quest for the Orb.
     0 | D:1      | Reached XP level 1. HP: 16/16 MP: 1/1
   186 | D:1      | Gained mutation: You have a somewhat thin skeletal
                  | structure. (Dex +2, Stealth+) [demonic ancestry]
   186 | D:1      | Reached XP level 2. HP: 22/22 MP: 2/2
   909 | D:2      | Reached XP level 3. HP: 27/28 MP: 3/3
  1173 | D:2      | Found a faded altar of an unknown god.
  1227 | D:2      | Prayed at the altar of an unknown god.
  1227 | D:2      | Became a worshipper of Trog the Wrathful
  1227 | D:2      | Reached * piety under Trog
  2142 | D:3      | Reached XP level 4. HP: 31/34 MP: 4/4
  2445 | D:3      | Reached ** piety under Trog
  2566 | D:4      | Found Doulole's Book Boutique.
  2619 | D:4      | Found Uxzexzotauk's Antique Weapon Shoppe.
  2665 | D:4      | Found Huraoz's Armour Emporium.
  2869 | D:4      | Reached XP level 5. HP: 35/41 MP: 5/5
  2905 | D:4      | Noticed a sky beast
  2990 | D:4      | Found Riunox's Distillery.
  3112 | D:4      | Killed from afar by an orc priest

Illustrated notes

Levels and vault maps discovered:
D:1:      nzn_arrival_water_spiral, layout_basic, st_stairs_12
D:2:      layout_basic, hellmonk_ecumenical_altar_arch_garden,
          nicolae_eternal_life, chequers_serial_rivers_micro_a,
          kennysheep_crisscross
D:3:      kb_forest_paths, layout_basic
D:4:      layout_basic, grunt_temple_overflow_diamond, serial_shops,
          nicolae_shop_tiny_statue_garden, nicolae_shop_stone,
          kennysheep_mini_moat, shop, shop, grunt_decor_arrowhead

Skill      XL: |  1  2  3  4 |
---------------+-------------+-----
Throwing       | 2 |  2.8
Dodging        | 3 |  3.5
Axes           | 3 |  3.5
Fighting       | 3 |  3.1

Action                     |  1- 3 |  4- 6 || total
---------------------------+-------+-------++-------
  Melee: War axe           |   151 |    64 ||   215
         Punch             |     1 |       ||     1
  Throw: Javelin           |     1 |     3 ||     4
    Use: Scroll            |     2 |     4 ||     6
         Potion            |     1 |       ||     1
   Stab: Sleeping          |     6 |     2 ||     8
 Armour: Leather armour    |    55 |    12 ||    67
  Dodge: Dodged            |   109 |    62 ||   171

Table legend: (Time is in decaauts)
 A = Elapsed time spent in this place.
 B = Non-inter-level travel time spent in this place.
 C = Inter-level travel time spent in this place.
 D = Time resting spent in this place.
 E = Time spent auto-exploring this place.
 F = Levels seen in this place.
 G = Mean time per level.
                   A        B        C        D        E       F      G
               +--------+--------+--------+--------+--------+-----+--------+
         Total |   3188 |   3083 |    105 |     49 |    568 |   4 |  797.0 |
       Dungeon |   3188 |   3083 |    105 |     49 |    568 |   4 |  797.0 |
               +--------+--------+--------+--------+--------+-----+--------+

Top non-repeatable levels by time:
     D:1: 932 daAuts
     D:3: 892 daAuts
     D:2: 843 daAuts
     D:4: 520 daAuts
